Map: King's Cove LE

Players

Ryosis

  • Race: Zerg Zerg
  • Spawn Location: 5:00

Marinelord - Winner!

  • Race: Terran Terran
  • Spawn Location: 11:00

Event: 2019 WCS Spring

VOD

Have the link to the VOD?

Description

Time

  • Played on: May 17, 2019, 6:24 a.m.
  • Length: 8:14

All games in this series

Show
View Real Time Build Order
Export as new Build Order

Ryosis Zerg 

Build Orders: Hatch First 

Get SALT Encoding   

  12  0:00  Drone  
  13  0:13  Overlord  
  13  0:18  Drone  
  14  0:32  Drone x2  
  16  0:49  Hatchery  
  15  0:52  Drone  
  15  0:56  Drone  
  17  1:00  Drone  
  18  1:11  Extractor  
  18  1:15  Spawning Pool  
  16  1:18  Drone  
  16  1:22  Drone  
  18  1:29  Drone  
  19  1:39  Drone  
  20  1:50  Drone  
  21  2:01  Queen  
  21  2:02  Queen, Zergling x4  
  27  2:15  Overlord  
  27  2:17  Drone  
  28  2:34  Drone x2  
  28  2:35  Drone  
  31  2:37  Queen  
  31  2:38  Spore Crawler, Metabolic Boost  
  31  2:40  Drone  
  34  2:44  Overlord  
  34  2:56  Drone  
  34  2:57  Drone  
  35  3:04  Zergling x2  
  36  3:10  Drone  
  36  3:12  Extractor  
  36  3:14  Drone x3  
  40  3:21  Hatchery  
  40  3:22  Drone  
  40  3:23  Zergling x2  
  40  3:25  Queen, Drone  
  44  3:32  Overlord  
  43  3:49  Overlord  
  43  3:50  Roach Warren, Queen  
  43  3:52  Drone  
  43  3:53  Drone x2  
  47  3:58  Zergling x4  
  49  4:06  Drone x2  
  49  4:09  Drone  
  52  4:10  Drone  
  52  4:16  Drone  
  54  4:20  Drone  
  55  4:27  Overlord  
  55  4:33  Spore Crawler x2, Overlord  
  55  4:35  Drone x2  
  55  4:36  Overlord, Drone  
  56  4:46  Roach x3  
  56  4:48  Roach  
  64  4:56  Roach x2  
  67  5:02  Roach x2  
  67  5:03  Drone x2  
  67  5:05  Drone x2  
  75  5:12  Drone x2  
  77  5:14  Queen  
  77  5:15  Overlord  
  77  5:16  Drone  
  77  5:17  Drone  
  77  5:18  Extractor, Drone  
  81  5:21  Drone  
  81  5:23  Drone x2  
  82  5:30  Overlord  
  82  5:31  Overlord  
  82  5:36  Overlord  
  82  5:38  Drone x3  
  82  5:40  Overlord  
  82  5:41  Lair  
  85  5:43  Drone  
  85  5:44  Drone x4  
  85  5:49  Drone  
  90  5:53  Spore Crawler, Drone x2  
  90  5:54  Drone  
  90  5:55  Drone  
  90  5:56  Drone  
  94  6:03  Extractor, Drone x2  
  94  6:04  Extractor  
  94  6:05  Extractor, Baneling Nest  
  94  6:07  Drone  
  94  6:08  Evolution Chamber  
  94  6:09  Evolution Chamber  
  91  6:11  Drone x2  
  91  6:12  Drone  
  91  6:13  Drone  
  91  6:14  Drone x2  
  91  6:16  Drone x2  
  93  6:21  Drone  
  94  6:27  Drone x2  
  94  6:30  Spore Crawler  
  94  6:31  Drone  
  94  6:35  Hatchery  
  94  6:36  Drone x2  
  94  6:39  Drone x2  
  95  6:42  Drone  
  95  6:43  Drone x2  
  98  6:47  Extractor, Queen  
  98  6:52  Overlord  
  98  6:53  Drone x3  
  102  6:54  Drone x2  
  102  6:57  Overlord  
  105  7:08  Drone  
  105  7:10  Hydralisk Den  
  105  7:13  Drone x2  
  104  7:17  Queen x2  
  104  7:22  Overseer  
  105  7:23  Queen  
  105  7:27  Drone  
  105  7:28  Drone  
  96  7:49  Hydralisk x14  
Show
View Real Time Build Order
Export as new Build Order

Marinelord Terran - Winner!

Build Orders: Gas First Reaper Expand, Hellion Banshee 

Get SALT Encoding   

  12  0:00  SCV  
  13  0:12  SCV  
  14  0:18  Supply Depot  
  14  0:25  SCV  
  15  0:30  Refinery  
  15  0:40  SCV  
  16  0:45  Barracks  
  16  0:52  SCV  
  18  1:04  SCV  
  18  1:16  SCV  
  19  1:32  Reaper, Orbital Command  
  20  1:45  Command Center  
  20  1:57  SCV  
  20  1:59  Factory  
  21  2:08  Barracks Reactor  
  21  2:09  SCV  
  22  2:16  Supply Depot  
  22  2:21  SCV  
  23  2:24  Refinery  
  23  2:37  SCV  
  24  2:49  SCV, Starport  
  25  2:53  Hellion x2  
  29  2:59  Orbital Command  
  29  3:03  Barracks Tech Lab  
  29  3:05  SCV  
  30  3:17  SCV, Hellion  
  30  3:18  Hellion  
  35  3:25  SCV  
  36  3:29  SCV  
  36  3:32  Supply Depot  
  37  3:35  Cloaking Field  
  37  3:37  SCV  
  38  3:42  Viking  
  38  3:43  SCV  
  41  3:51  SCV  
  41  3:53  Hellion x2  
  46  3:55  SCV  
  46  3:58  Supply Depot  
  47  4:03  SCV  
  47  4:08  SCV  
  49  4:14  Banshee  
  49  4:15  SCV  
  53  4:20  SCV  
  54  4:27  SCV  
  54  4:30  Command Center  
  55  4:32  SCV  
  55  4:36  Supply Depot  
  56  4:39  SCV  
  56  4:44  SCV  
  58  4:49  Hellion x2  
  62  4:57  SCV x2  
  62  4:58  Banshee, Supply Depot  
  67  5:03  Refinery  
  67  5:05  Refinery  
  67  5:10  SCV x2  
  67  5:15  Hellion  
  67  5:20  Hellion  
  71  5:21  Supply Depot  
  71  5:22  SCV x2  
  69  5:34  SCV x2, Factory  
  71  5:35  Factory  
  71  5:36  Hellion  
  71  5:41  Hellion  
  75  5:46  SCV x2  
  75  5:49  Orbital Command  
  77  5:51  Armory  
  77  5:52  Armory  
  77  5:58  SCV x2, Hellion  
  77  6:02  Banshee  
  84  6:10  SCV x2  
  86  6:13  Supply Depot  
  86  6:21  SCV, Factory Tech Lab x2  
  86  6:22  SCV  
  86  6:24  SCV  
  89  6:36  SCV  
  89  6:37  Hellion x2  
  94  6:50  Cyclone x2  
  94  6:52  Refinery x2  
  100  6:55  Banshee, Supply Depot x2  
  100  7:00  SCV x2  
  105  7:08  Orbital Command  
  105  7:12  SCV x2  
  108  7:22  Cyclone  
  108  7:24  SCV x2  
  108  7:27  Factory x2  
  110  7:32  Supply Depot  
  110  7:35  SCV  
  110  7:36  SCV x2  
  116  7:47  SCV  
  116  7:48  SCV x2  
  116  7:50  Supply Depot  
  121  7:59  SCV  
  121  8:00  SCV  
  121  8:01  SCV  
Tags
 
Add a new tag
Caveats
  • Supply blocks, unpowered buildings, or Contaminate may cause inaccurate times.
  • Supply counts are checked every 10 seconds.